[Event "2nd Namma Bengaluru Open-A 2025"]
[Site "Bengaluru"]
[Date "2025.04.12"]
[Round "4.1"]
[White "Deepan Chakkravarthy J."]
[Black "Grigoryan, Karen H."]
[Result "1-0"]
[Annotator "ChessBase"]
[ECO "B75"]
[WhiteElo "2394"]
[BlackElo "2556"]
[PlyCount "69"]
[EventDate "2025.04.10"]
[EventType "swiss"]
[EventCountry "IND"]
[SourceTitle "playchess.com"]
[Source "ChessBase"]
[SourceQuality "1"]
[TimeControl "5400+30"]

1. e4 c5 2. Nf3 d6 3. d4 cxd4 4. Nxd4 Nf6 5. Nc3 g6 6. Be3 Bg7 7. f3 a6 8. Qd2 h5 9. Bc4 Nbd7 10. O-O-O Qc7 11. Bb3 b5 12. Kb1 Bb7 13. h3 Ne5 14. g4 Nfd7 15. gxh5 Rxh5 16. Qg2 Nc4 17. Ne6 fxe6 18. Qxg6+ Kd8 19. Qxg7 Nde5 20. f4 Nxe3 21. fxe5 Nxd1 22. Rxd1 Qd7 23. exd6 exd6 24. Qf6+ Kc7 25. Bxe6 Rf8 26. Qxf8 Qxe6 27. a4 b4 28. Nd5+ Bxd5 29. exd5 Rxd5 30. Rg1 Rf5 31. Rg7+ Kc6 32. Qa8+ Kb6 33. Qd8+ Kc6 34. Qc7+ Kd5 35. Qa5+ 1-0

[Event "2nd Namma Bengaluru Open-A 2025"]
[Site "Bengaluru"]
[Date "2025.04.12"]
[Round "4.2"]
[White "Petrosyan, Manuel"]
[Black "Panda Sambit"]
[Result "1-0"]
[Annotator "ChessBase"]
[ECO "E07"]
[WhiteElo "2544"]
[BlackElo "2391"]
[PlyCount "83"]
[EventDate "2025.04.10"]
[EventType "swiss"]
[EventCountry "IND"]
[SourceTitle "playchess.com"]
[Source "ChessBase"]
[SourceQuality "1"]
[TimeControl "5400+30"]

1. c4 e6 2. Nf3 d5 3. d4 Nf6 4. g3 Be7 5. Bg2 O-O 6. O-O c6 7. Nc3 Nbd7 8. Qd3 b6 9. e4 Bb7 10. e5 dxc4 11. Qxc4 Nd5 12. Nxd5 cxd5 13. Qa4 a6 14. Re1 Rc8 15. Bf1 Nb8 16. Bd3 Nc6 17. a3 Qe8 18. Qd1 Na5 19. h4 h6 20. Bb1 h5 21. b4 Nc4 22. Ng5 Bxg5 23. Bxg5 f6 24. exf6 gxf6 25. Bh6 Qf7 26. Bxf8 Rxf8 27. Bd3 e5 28. Be2 f5 29. Bxc4 dxc4 30. Rxe5 Re8 31. Qe2 Rxe5 32. Qxe5 Be4 33. d5 Qxd5 34. Qxd5+ Bxd5 35. Rd1 Be4 36. Rd7 Kf8 37. Kf1 Ke8 38. Rg7 Kd8 39. Ke1 c3 40. Kd1 Kc8 41. Kc1 b5 42. Rh7 1-0

[Event "2nd Namma Bengaluru Open-A 2025"]
[Site "Bengaluru"]
[Date "2025.04.12"]
[Round "4.3"]
[White "Shahil Dey"]
[Black "Pranav Anand"]
[Result "0-1"]
[Annotator "ChessBase"]
[ECO "D05"]
[WhiteElo "2360"]
[BlackElo "2538"]
[PlyCount "128"]
[EventDate "2025.04.10"]
[EventType "swiss"]
[EventCountry "IND"]
[SourceTitle "playchess.com"]
[Source "ChessBase"]
[SourceQuality "1"]
[TimeControl "5400+30"]

1. d4 Nf6 2. Nf3 d5 3. e3 e6 4. Bd3 b6 5. b3 Bb7 6. Bb2 Nbd7 7. Nbd2 Bd6 8. Qe2 Ne4 9. O-O f5 10. Ne5 Bxe5 11. dxe5 O-O 12. f3 Nxd2 13. Qxd2 Qe7 14. Rad1 Rfd8 15. Qe2 Nc5 16. Ba3 a5 17. c4 a4 18. Bb4 c6 19. cxd5 cxd5 20. bxa4 Qh4 21. Qe1 Qxe1 22. Rfxe1 Rxa4 23. a3 Nxd3 24. Rxd3 Rc8 25. Rd2 Rc4 26. Rb1 Bc6 27. f4 Kf7 28. Kf2 h6 29. g3 Ra8 30. Rd4 b5 31. Rxc4 dxc4 32. Rd1 Bd5 33. h3 g5 34. Rd2 Kg6 35. Rd1 Rh8 36. Bc3 h5 37. h4 gxh4 38. gxh4 Ra8 39. Bb4 Kf7 40. Rg1 Be4 41. Rd1 Bd3 42. Ra1 Rc8 43. Bc3 Bc2 44. Rg1 Ra8 45. Bb4 Rd8 46. Ke2 Bd3+ 47. Kf2 Be4 48. Bc3 Rd3 49. Rc1 Ke8 50. Ke2 Kd7 51. Bb4 Rb3 52. Kd2 Kc6 53. Rg1 Kd5 54. Rg8 Rb2+ 55. Kc1 Rc2+ 56. Kd1 Bd3 57. Rd8+ Ke4 58. Bc5 Ra2 59. Rd6 Kf3 60. Rd8 Be4 61. Bb4 Kxe3 62. Bd2+ Kf3 63. Bc1 Rh2 64. Rd6 Rh1+ 0-1

[Event "2nd Namma Bengaluru Open-A 2025"]
[Site "Bengaluru"]
[Date "2025.04.12"]
[Round "4.4"]
[White "Pantsulaia, Levan"]
[Black "Sammed Jaykumar, Shete"]
[Result "1-0"]
[Annotator "ChessBase"]
[ECO "A09"]
[WhiteElo "2532"]
[BlackElo "2391"]
[PlyCount "85"]
[EventDate "2025.04.10"]
[EventType "swiss"]
[EventCountry "IND"]
[SourceTitle "playchess.com"]
[Source "ChessBase"]
[SourceQuality "1"]
[TimeControl "5400+30"]

1. Nf3 d5 2. c4 d4 3. b4 c5 4. b5 Nd7 5. g3 e5 6. d3 Bd6 7. Bg2 Ngf6 8. O-O O-O 9. a4 a6 10. e4 axb5 11. cxb5 c4 12. dxc4 Nc5 13. Nfd2 Ra7 14. Qc2 Bg4 15. Re1 d3 16. Qa2 Rxa4 17. Ba3 Qa5 18. Qb2 Ra8 19. Bxc5 Bxc5 20. Rxa4 Qxa4 21. Qxe5 Qa7 22. Qf4 Be2 23. Nb3 Bb4 24. N1d2 Ng4 25. e5 Bc3 26. Bd5 Nxe5 27. Rc1 Bxd2 28. Nxd2 Re8 29. c5 Qa3 30. Rc4 Qa1+ 31. Kg2 Kh8 32. Re4 f6 33. Bxb7 Rd8 34. Qe3 h5 35. b6 Kh7 36. Rxe5 fxe5 37. c6 Rf8 38. Qc5 Qb2 39. Qxf8 Qxd2 40. c7 Qc1 41. Be4+ g6 42. Qf7+ Kh8 43. Qf6+ 1-0

[Event "2nd Namma Bengaluru Open-A 2025"]
[Site "Bengaluru"]
[Date "2025.04.12"]
[Round "4.5"]
[White "Sanikidze, Tornike"]
[Black "Viani Antonio Dcunha"]
[Result "0-1"]
[Annotator "ChessBase"]
[ECO "E11"]
[WhiteElo "2448"]
[BlackElo "2378"]
[PlyCount "104"]
[EventDate "2025.04.10"]
[EventType "swiss"]
[EventCountry "IND"]
[SourceTitle "playchess.com"]
[Source "ChessBase"]
[SourceQuality "1"]
[TimeControl "5400+30"]

1. d4 Nf6 2. c4 e6 3. Nf3 Bb4+ 4. Bd2 Bxd2+ 5. Qxd2 d5 6. e3 O-O 7. Nc3 Nbd7 8. cxd5 exd5 9. Qc2 c5 10. Be2 cxd4 11. exd4 Nb8 12. Ne5 Qb6 13. O-O-O Be6 14. f4 Nc6 15. Nxc6 Qxc6 16. f5 Bd7 17. Bb5 Qc8 18. Bd3 b5 19. Kb1 b4 20. Ne2 Ng4 21. Qxc8 Raxc8 22. Rdf1 Rfe8 23. Nc1 Re3 24. Rf4 h5 25. Bc2 Bb5 26. h3 Nf6 27. Rd1 Rg3 28. Rd2 Re8 29. Nd3 Re4 30. Rff2 Bxd3 31. Rxd3 Re1+ 32. Rd1 Rxd1+ 33. Bxd1 Rd3 34. Bf3 Ne4 35. Bxe4 dxe4 36. Kc2 Rxd4 37. Rd2 Rc4+ 38. Kb3 Rc5 39. Kxb4 Rxf5 40. Kc4 Rf1 41. Kd4 f5 42. g4 fxg4 43. hxg4 hxg4 44. Rg2 Rf4 45. Ke3 g5 46. b4 Kf7 47. b5 Ke6 48. Rc2 Kd5 49. Rd2+ Ke5 50. Rc2 Rf3+ 51. Ke2 g3 52. Ke1 Kf4 0-1

[Event "2nd Namma Bengaluru Open-A 2025"]
[Site "Bengaluru"]
[Date "2025.04.12"]
[Round "4.6"]
[White "John Veny Akkarakaran"]
[Black "Nitish Belurkar"]
[Result "1/2-1/2"]
[Annotator "ChessBase"]
[ECO "B33"]
[WhiteElo "2350"]
[BlackElo "2441"]
[PlyCount "60"]
[EventDate "2025.04.10"]
[EventType "swiss"]
[EventCountry "IND"]
[SourceTitle "playchess.com"]
[Source "ChessBase"]
[SourceQuality "1"]
[TimeControl "5400+30"]

1. e4 c5 2. Nf3 e6 3. d4 cxd4 4. Nxd4 Nf6 5. Nc3 Nc6 6. Ndb5 d6 7. Bf4 e5 8. Bg5 a6 9. Na3 Be6 10. Nc4 Rb8 11. Ne3 Be7 12. Bxf6 Bxf6 13. Ncd5 Bg5 14. Bc4 O-O 15. O-O b5 16. Bb3 g6 17. c3 Kh8 18. Qe2 a5 19. Rad1 a4 20. Bc2 Ne7 21. Nxe7 Qxe7 22. Nd5 Qb7 23. Nb4 Rfd8 24. a3 Bc4 25. Bd3 Bb3 26. Bc2 Bc4 27. Bd3 Bb3 28. Bc2 Bc4 29. Bd3 Bb3 30. Bc2 Bc4 1/2-1/2

[Event "2nd Namma Bengaluru Open-A 2025"]
[Site "Bengaluru"]
[Date "2025.04.12"]
[Round "4.7"]
[White "Vaz, Ethan"]
[Black "Dzhumaev, Marat"]
[Result "1/2-1/2"]
[Annotator "ChessBase"]
[ECO "C54"]
[WhiteElo "2430"]
[BlackElo "2352"]
[PlyCount "105"]
[EventDate "2025.04.10"]
[EventType "swiss"]
[EventCountry "IND"]
[SourceTitle "playchess.com"]
[Source "ChessBase"]
[SourceQuality "1"]
[TimeControl "5400+30"]

1. e4 e5 2. Nf3 Nc6 3. Bc4 Bc5 4. c3 Nf6 5. d3 d6 6. O-O O-O 7. Nbd2 a5 8. a4 h6 9. Re1 Ba7 10. Bb3 Re8 11. Nc4 Be6 12. Be3 Bxe3 13. Nxe3 d5 14. exd5 Nxd5 15. d4 Nxe3 16. fxe3 Bxb3 17. Qxb3 Ra6 18. Rad1 Rb6 19. Qc2 Qd5 20. Nd2 Qa2 21. Ra1 Qd5 22. e4 Qd8 23. d5 Nb8 24. Nc4 Rf6 25. Nxa5 c6 26. b4 Qb6+ 27. Kh1 cxd5 28. exd5 Rf2 29. Qd3 Nd7 30. Nc4 Qf6 31. Qe3 Rf4 32. Nd2 Nb6 33. Ne4 Qg6 34. Rad1 Nxa4 35. d6 Rd8 36. Ra1 b5 37. g3 Rg4 38. h3 Qh5 39. Kg2 Rg6 40. g4 Qh4 41. Qf2 Qxf2+ 42. Kxf2 Nb2 43. Ke2 Nc4 44. Red1 h5 45. Kf3 hxg4+ 46. hxg4 Rh6 47. d7 Kf8 48. Kg3 Ke7 49. Ra7 f5 50. gxf5 Ne3 51. Rd3 Nxf5+ 52. Kg4 Nd6 53. Nc5 1/2-1/2

[Event "2nd Namma Bengaluru Open-A 2025"]
[Site "Bengaluru"]
[Date "2025.04.12"]
[Round "4.8"]
[White "Kaustuv, Kundu"]
[Black "Sanket Chakravarty"]
[Result "0-1"]
[Annotator "ChessBase"]
[ECO "E04"]
[WhiteElo "2407"]
[BlackElo "2317"]
[PlyCount "62"]
[EventDate "2025.04.10"]
[EventType "swiss"]
[EventCountry "IND"]
[SourceTitle "playchess.com"]
[Source "ChessBase"]
[SourceQuality "1"]
[TimeControl "5400+30"]

1. Nf3 d5 2. g3 c5 3. Bg2 Nc6 4. d4 e6 5. O-O Nf6 6. c4 dxc4 7. Ne5 Bd7 8. Na3 cxd4 9. Naxc4 Be7 10. Qb3 Qc7 11. Bf4 Nh5 12. Nxc6 Nxf4 13. Nxe7 Nxg2 14. Qb4 a5 15. Nd6+ Kxe7 16. Nf5+ Kf6 17. Qe7+ Kg6 18. Nxd4 Rhe8 19. Qa3 e5 20. Qd3+ e4 21. Qb3 Bh3 22. Rac1 Qe5 23. Qb6+ Qf6 24. Qxf6+ gxf6 25. Rfd1 Rac8 26. e3 f5 27. Nb3 Rxc1 28. Rxc1 f4 29. exf4 e3 30. fxe3 Nxe3 31. Nxa5 Ng4 0-1

[Event "2nd Namma Bengaluru Open-A 2025"]
[Site "Bengaluru"]
[Date "2025.04.12"]
[Round "4.9"]
[White "Rajesh, V A V"]
[Black "Anuj Shrivatri"]
[Result "1-0"]
[Annotator "ChessBase"]
[ECO "E20"]
[WhiteElo "2331"]
[BlackElo "2400"]
[PlyCount "69"]
[EventDate "2025.04.10"]
[EventType "swiss"]
[EventCountry "IND"]
[SourceTitle "playchess.com"]
[Source "ChessBase"]
[SourceQuality "1"]
[TimeControl "5400+30"]

1. d4 Nf6 2. c4 e6 3. Nc3 Bb4 4. f3 c5 5. d5 b5 6. e4 d6 7. Bd2 a6 8. a3 Ba5 9. cxb5 exd5 10. bxa6 d4 11. Nb5 Bxd2+ 12. Qxd2 O-O 13. Rc1 Bxa6 14. Nh3 d5 15. Rxc5 dxe4 16. Qxd4 Nbd7 17. Rc3 exf3 18. gxf3 Rc8 19. Kf2 Rxc3 20. bxc3 Qb8 21. c4 Bb7 22. Qd6 Qa8 23. Be2 Ng4+ 24. Kg3 Ndf6 25. Rg1 Rd8 26. Qb6 Nh6 27. Kf2 Kh8 28. Rd1 Re8 29. Ng5 Qb8 30. Qc7 Qa8 31. Nd6 Qa7+ 32. Kf1 Nhg4 33. c5 Ne3+ 34. Kg1 Ned5 35. Rxd5 1-0

[Event "2nd Namma Bengaluru Open-A 2025"]
[Site "Bengaluru"]
[Date "2025.04.12"]
[Round "4.10"]
[White "Iniyan, Pa"]
[Black "Bhoir Paras Dilip"]
[Result "1-0"]
[Annotator "ChessBase"]
[ECO "D30"]
[WhiteElo "2578"]
[BlackElo "2085"]
[PlyCount "101"]
[EventDate "2025.04.10"]
[EventType "swiss"]
[EventCountry "IND"]
[SourceTitle "playchess.com"]
[Source "ChessBase"]
[SourceQuality "1"]
[TimeControl "5400+30"]

1. d4 d5 2. c4 e6 3. Nf3 Nf6 4. e3 c6 5. Nbd2 Nbd7 6. b3 b6 7. Bb2 Bb7 8. Bd3 Qc7 9. O-O Bd6 10. Re1 O-O 11. e4 dxe4 12. Nxe4 Nxe4 13. Rxe4 Rae8 14. Qe2 c5 15. d5 e5 16. Rh4 f5 17. Ng5 Qd8 18. f4 exf4 19. Qh5 h6 20. Ne6 Rxe6 21. dxe6 Be5 22. Re1 Nf6 23. e7 Bd4+ 24. Kf1 Nxh5 25. exd8=Q Rxd8 26. Bxd4 Rxd4 27. Rxh5 Rxd3 28. Rxf5 Rd4 29. Re7 Be4 30. Rff7 g5 31. Rg7+ Kf8 32. Ref7+ Ke8 33. Rxa7 Kf8 34. Rgd7 Bc6 35. Rh7 Kg8 36. Rxh6 Be4 37. Rxb6 Rd8 38. Re6 Bf5 39. Re5 Bd3+ 40. Kf2 g4 41. Rd5 Re8 42. Rxd3 g3+ 43. hxg3 fxg3+ 44. Rxg3+ Kh8 45. Rh3+ Kg8 46. Rhh7 Rf8+ 47. Kg1 Rd8 48. Rag7+ Kf8 49. Rh8+ Kxg7 50. Rxd8 Kf6 51. Rd5 1-0

[Event "2nd Namma Bengaluru Open-A 2025"]
[Site "Bengaluru"]
[Date "2025.04.12"]
[Round "4.11"]
[White "Wagh Suyog"]
[Black "Aronyak Ghosh"]
[Result "1-0"]
[Annotator "ChessBase"]
[ECO "E11"]
[WhiteElo "2289"]
[BlackElo "2525"]
[PlyCount "137"]
[EventDate "2025.04.10"]
[EventType "swiss"]
[EventCountry "IND"]
[SourceTitle "playchess.com"]
[Source "ChessBase"]
[SourceQuality "1"]
[TimeControl "5400+30"]

1. d4 Nf6 2. c4 e6 3. Nf3 d5 4. g3 Bb4+ 5. Bd2 a5 6. Bg2 O-O 7. Qc2 Be7 8. O-O c6 9. Rd1 Nbd7 10. Bf4 b6 11. Ne5 Bb7 12. Nc3 Nh5 13. Bd2 Qc7 14. Na4 Nhf6 15. Nxd7 Nxd7 16. cxd5 exd5 17. e4 dxe4 18. Bxe4 Nf6 19. Bf4 Qd8 20. Bg2 Rc8 21. Qb3 b5 22. Rac1 Ba8 23. Nc5 Nd5 24. Bxd5 cxd5 25. Qxb5 Bc6 26. Qa6 Ba8 27. Nb3 Rc4 28. Qxa5 Qd7 29. a3 h5 30. Qd2 h4 31. Na5 Rcc8 32. b4 h3 33. Qd3 Qa4 34. Be5 Bg5 35. Bf4 Bf6 36. Be3 Rce8 37. Re1 Bd8 38. Bd2 Bb6 39. f3 Rc8 40. Kf2 Qd7 41. Rxc8 Rxc8 42. Rc1 Rxc1 43. Bxc1 Bxa5 44. bxa5 Qa4 45. g4 Qxa5 46. Bd2 Qc7 47. f4 Bb7 48. Kg3 Bc8 49. Kxh3 Qd7 50. f5 Qa4 51. Bb4 Ba6 52. Qe3 Qd1 53. Kg3 Kh7 54. Bd2 Qf1 55. a4 Qb1 56. a5 Bd3 57. Qe1 Qa2 58. h4 Be4 59. h5 Qc4 60. Qf2 Qc7+ 61. Kh4 f6 62. Qf4 Qc4 63. Qf2 Qd3 64. h6 g5+ 65. fxg6+ Kxg6 66. Be3 Qa3 67. g5 fxg5+ 68. Bxg5 Bf5 69. Qg3 1-0

[Event "2nd Namma Bengaluru Open-A 2025"]
[Site "Bengaluru"]
[Date "2025.04.12"]
[Round "4.12"]
[White "Stany, G.A."]
[Black "Nithin Babu"]
[Result "1/2-1/2"]
[Annotator "ChessBase"]
[ECO "C42"]
[WhiteElo "2454"]
[BlackElo "2242"]
[PlyCount "118"]
[EventDate "2025.04.10"]
[EventType "swiss"]
[EventCountry "IND"]
[SourceTitle "playchess.com"]
[Source "ChessBase"]
[SourceQuality "1"]
[TimeControl "5400+30"]

1. e4 e5 2. Nf3 Nf6 3. Nxe5 d6 4. Nf3 Nxe4 5. Nc3 Nxc3 6. dxc3 Be7 7. Be3 Nd7 8. Qd2 Ne5 9. Be2 O-O 10. O-O Be6 11. b3 Bf6 12. Rad1 d5 13. Nxe5 Bxe5 14. f4 Bf6 15. f5 Bd7 16. Qxd5 Qe7 17. Qc5 Rfe8 18. Qxe7 Rxe7 19. Bf3 Rxe3 20. Rxd7 Rxc3 21. Bxb7 Rd8 22. Rxd8+ Bxd8 23. Be4 Be7 24. Bd3 Bc5+ 25. Kh1 Kf8 26. Re1 Bd6 27. Re4 Rc5 28. Rh4 h6 29. f6 a5 30. g3 Re5 31. Kg2 Re6 32. Ra4 Re5 33. fxg7+ Kxg7 34. Kf3 Bb4 35. a3 Bd6 36. b4 axb4 37. axb4 Rh5 38. h4 Rd5 39. b5 Re5 40. Rg4+ Kf8 41. Rd4 Bc5 42. Rd7 Bb6 43. Bc4 Re7 44. Rd8+ Kg7 45. Bd3 Re6 46. Rd5 c6 47. bxc6 Rxc6 48. g4 Rc8 49. Rd7 Rc7 50. Rd5 Bc5 51. h5 Be7 52. c4 Rc6 53. Rd7 Kf8 54. Rb7 Rc5 55. Ke4 Bf6 56. Ke3 Rc6 57. Be4 Rxc4 58. Rxf7+ Kxf7 59. Bd5+ Kg7 1/2-1/2

[Event "2nd Namma Bengaluru Open-A 2025"]
[Site "Bengaluru"]
[Date "2025.04.12"]
[Round "4.13"]
[White "Sharnarthi Viresh"]
[Black "Goutham Krishna H"]
[Result "0-1"]
[Annotator "ChessBase"]
[ECO "E62"]
[WhiteElo "2232"]
[BlackElo "2449"]
[PlyCount "160"]
[EventDate "2025.04.10"]
[EventType "swiss"]
[EventCountry "IND"]
[SourceTitle "playchess.com"]
[Source "ChessBase"]
[SourceQuality "1"]
[TimeControl "5400+30"]

1. d4 Nf6 2. c4 g6 3. Nc3 Bg7 4. Nf3 O-O 5. g3 d6 6. Bg2 c6 7. e4 Be6 8. b3 Bg4 9. h3 Bxf3 10. Bxf3 Nfd7 11. Bb2 e5 12. dxe5 dxe5 13. O-O Qe7 14. Qc1 Rd8 15. Bg2 a5 16. Ba3 Qe8 17. c5 Bf8 18. Na4 Qe7 19. Bb2 Na6 20. Nb6 Nxb6 21. cxb6 Nb4 22. Qb1 Qc5 23. Bc1 Nc2 24. Bg5 Nxa1 25. Qxa1 Re8 26. Be3 Qb4 27. Qc1 a4 28. Qc2 axb3 29. axb3 Ra3 30. Rd1 Qxb3 31. Qe2 Qa2 32. Qg4 Raa8 33. Rd7 Rab8 34. h4 Qe6 35. Qd1 Be7 36. Kh2 Red8 37. Rxd8+ Rxd8 38. Qa4 Bd6 39. Bf1 Qe7 40. Qc4 Kg7 41. h5 gxh5 42. Qe2 Bc5 43. Bc1 Qf6 44. f4 exf4 45. Bxf4 h4 46. Qg2 Bd6 47. Kh1 Kh8 48. Be3 hxg3 49. Kg1 Be5 50. Be2 Bd4 51. Bxd4 Qxd4+ 52. Kh1 Qf2 53. Qxf2 gxf2 54. Kg2 Rd2 55. Bc4 Kg7 56. e5 Rb2 57. e6 fxe6 58. Bxe6 Rxb6 59. Kxf2 Rb4 60. Ke3 c5 61. Kd3 Rd4+ 62. Kc3 b5 63. Bf5 h5 64. Kb3 h4 65. Kc3 b4+ 66. Kb3 h3 67. Bxh3 Rd3+ 68. Kc4 Rxh3 69. Kxc5 b3 70. Kc4 b2 71. Kd4 b1=R 72. Kc4 Rg1 73. Kd5 Re1 74. Kd4 Kf6 75. Kd5 Rd3+ 76. Kc4 Rd8 77. Kc3 Rc1+ 78. Kb2 Rc7 79. Kb3 Rb8+ 80. Ka2 Ra7# 0-1

[Event "2nd Namma Bengaluru Open-A 2025"]
[Site "Bengaluru"]
[Date "2025.04.12"]
[Round "4.14"]
[White "Gochelashvili, David"]
[Black "Mehar, Chinna Reddy C.H."]
[Result "1-0"]
[Annotator "ChessBase"]
[ECO "B22"]
[WhiteElo "2227"]
[BlackElo "2418"]
[PlyCount "67"]
[EventDate "2025.04.10"]
[EventType "swiss"]
[EventCountry "IND"]
[SourceTitle "playchess.com"]
[Source "ChessBase"]
[SourceQuality "1"]
[TimeControl "5400+30"]

1. e4 c5 2. c3 Nf6 3. e5 Nd5 4. d4 cxd4 5. cxd4 d6 6. Bc4 Nb6 7. Bb3 d5 8. Bc2 Nc6 9. Nc3 e6 10. f4 f5 11. exf6 Qxf6 12. Nf3 Bd6 13. O-O O-O 14. g3 Bd7 15. Qd3 g6 16. a3 Rac8 17. Be3 Qg7 18. b3 a6 19. Ne5 Nxe5 20. fxe5 Rxf1+ 21. Rxf1 Bxa3 22. Bg5 Bb4 23. Ne2 Bb5 24. Qd1 Be7 25. Bf6 Bxf6 26. exf6 Qh6 27. Rf3 Rf8 28. Nc3 Bd7 29. Qe1 Kf7 30. Nd1 Qc1 31. Qb4 Nc8 32. Qxb7 Ke8 33. Rc3 Qd2 34. Rxc8+ 1-0

[Event "2nd Namma Bengaluru Open-A 2025"]
[Site "Bengaluru"]
[Date "2025.04.12"]
[Round "4.15"]
[White "Nguyen, Quoc Hy"]
[Black "Sherla Prathamesh"]
[Result "1/2-1/2"]
[Annotator "ChessBase"]
[ECO "A13"]
[WhiteElo "2404"]
[BlackElo "2157"]
[PlyCount "104"]
[EventDate "2025.04.10"]
[EventType "swiss"]
[EventCountry "IND"]
[SourceTitle "playchess.com"]
[Source "ChessBase"]
[SourceQuality "1"]
[TimeControl "5400+30"]

1. c4 e6 2. Nc3 f5 3. e4 fxe4 4. Qh5+ g6 5. Qe5 Nf6 6. Nd5 Kf7 7. Qxc7 Be7 8. Qxd8 Bxd8 9. Nxf6 Bxf6 10. d3 exd3 11. Bxd3 Nc6 12. Nf3 d5 13. O-O h6 14. h4 Nb4 15. Be2 d4 16. a3 Nc6 17. h5 e5 18. Nd2 gxh5 19. Bxh5+ Kg7 20. b4 Bf5 21. Bf3 d3 22. Bb2 Rad8 23. Rad1 Rhe8 24. Rfe1 Nd4 25. Be4 Bg4 26. f3 Ne2+ 27. Kh2 Be6 28. Bxb7 Kf7 29. Rf1 Bh4 30. g4 Bg3+ 31. Kg2 Bf4 32. Rh1 h5 33. Rxh5 Bxd2 34. Rxd2 Nf4+ 35. Kf2 Nxh5 36. gxh5 Bxc4 37. Be4 Ke6 38. Ke3 Rh8 39. Bg6 Rhf8 40. Be4 Rh8 41. Bg6 Rhf8 42. Be4 Rf6 43. Bc3 Rh8 44. Rh2 Rfh6 45. Rg2 Rxh5 46. Rg6+ Ke7 47. Rc6 Bb5 48. Rc5 a6 49. Bxe5 Rd8 50. Bc7 Rdh8 51. Be5 Rd8 52. Bc7 Rdh8 1/2-1/2

[Event "2nd Namma Bengaluru Open-A 2025"]
[Site "Bengaluru"]
[Date "2025.04.12"]
[Round "4.16"]
[White "Fedorov, Alexei"]
[Black "Soham Roy"]
[Result "1/2-1/2"]
[Annotator "ChessBase"]
[ECO "C50"]
[WhiteElo "2396"]
[BlackElo "2085"]
[PlyCount "88"]
[EventDate "2025.04.10"]
[EventType "swiss"]
[EventCountry "IND"]
[SourceTitle "playchess.com"]
[Source "ChessBase"]
[SourceQuality "1"]
[TimeControl "5400+30"]

1. e4 e5 2. Nf3 Nc6 3. Bc4 d6 4. d4 Nf6 5. d5 Nb8 6. Bd3 Be7 7. c4 a5 8. Nc3 Na6 9. h3 O-O 10. Be3 Nd7 11. g4 Ndc5 12. Bc2 c6 13. Qd2 b5 14. cxb5 cxb5 15. Ne2 Bd7 16. Ng3 Re8 17. O-O b4 18. Kh2 Rc8 19. Rac1 Bf8 20. Bb1 Be7 21. Rg1 Bf8 22. Nf5 Rc7 23. g5 Bc8 24. Rg3 Kh8 25. h4 g6 26. Nh6 Bxh6 27. gxh6 Rf8 28. h5 f5 29. hxg6 hxg6 30. Rxg6 fxe4 31. Bg5 Qe8 32. Nh4 Rcf7 33. Kg1 Qd7 34. Qd1 Qh3 35. Rg7 Rxg7 36. hxg7+ Kxg7 37. Qh5 Qg4+ 38. Qxg4 Bxg4 39. Be7 Rh8 40. Kg2 Rh6 41. Kg3 Bd7 42. Bg5 Rh8 43. Be7 Rh6 44. Bg5 Rh8 1/2-1/2

[Event "2nd Namma Bengaluru Open-A 2025"]
[Site "Bengaluru"]
[Date "2025.04.12"]
[Round "4.17"]
[White "Harsh Suresh"]
[Black "Ziatdinov, Raset"]
[Result "1-0"]
[Annotator "ChessBase"]
[ECO "C22"]
[WhiteElo "2389"]
[BlackElo "2041"]
[PlyCount "75"]
[EventDate "2025.04.10"]
[EventType "swiss"]
[EventCountry "IND"]
[SourceTitle "playchess.com"]
[Source "ChessBase"]
[SourceQuality "1"]
[TimeControl "5400+30"]

1. e4 e5 2. d4 exd4 3. Qxd4 Nc6 4. Qc4 Bb4+ 5. Nc3 d6 6. a3 Be6 7. Qd3 Bxc3+ 8. Qxc3 Nf6 9. Be3 O-O 10. f3 d5 11. O-O-O Qc8 12. Bg5 d4 13. Qd2 Nd7 14. Ne2 f6 15. Bh4 Nde5 16. Nxd4 Nxd4 17. Qxd4 c5 18. Qc3 c4 19. Bg3 Nd7 20. Rd6 Bf7 21. Be2 b5 22. Qa5 a6 23. Rhd1 Nc5 24. Qb6 Na4 25. Qc6 Qxc6 26. Rxc6 Rfc8 27. Rxc8+ Rxc8 28. Rd6 Ra8 29. Bf2 Kf8 30. Rd7 Ke8 31. Rc7 Rd8 32. Be1 Rd7 33. Rc8+ Rd8 34. Rc6 Ra8 35. Rc7 Rd8 36. Bb4 Rd7 37. Rc8+ Rd8 38. Rc6 1-0

[Event "2nd Namma Bengaluru Open-A 2025"]
[Site "Bengaluru"]
[Date "2025.04.12"]
[Round "4.18"]
[White "Roy Chowdhury, Saptarshi"]
[Black "Schekachikhin, Maksim"]
[Result "0-1"]
[Annotator "ChessBase"]
[ECO "B31"]
[WhiteElo "2224"]
[BlackElo "2370"]
[PlyCount "52"]
[EventDate "2025.04.10"]
[EventType "swiss"]
[EventCountry "IND"]
[SourceTitle "playchess.com"]
[Source "ChessBase"]
[SourceQuality "1"]
[TimeControl "5400+30"]

1. e4 c5 2. Nf3 Nc6 3. Nc3 g6 4. Bb5 Bg7 5. O-O e5 6. Bxc6 bxc6 7. d3 d6 8. Ne1 Ne7 9. f4 exf4 10. Bxf4 f5 11. Nf3 h6 12. exf5 O-O 13. f6 Rxf6 14. Bd2 d5 15. Qe1 Nf5 16. Na4 Qf8 17. Rb1 g5 18. h3 Bd7 19. b4 Re8 20. Qd1 Ng3 21. Nxc5 Bc8 22. Rf2 g4 23. hxg4 Bxg4 24. Bc3 Bxf3 25. gxf3 Rg6 26. Bxg7 Qxg7 0-1

[Event "2nd Namma Bengaluru Open-A 2025"]
[Site "Bengaluru"]
[Date "2025.04.12"]
[Round "4.19"]
[White "Dinesh Rajan M"]
[Black "Manish Anto Cristiano F"]
[Result "0-1"]
[Annotator "ChessBase"]
[ECO "C50"]
[WhiteElo "2176"]
[BlackElo "2361"]
[PlyCount "106"]
[EventDate "2025.04.10"]
[EventType "swiss"]
[EventCountry "IND"]
[SourceTitle "playchess.com"]
[Source "ChessBase"]
[SourceQuality "1"]
[TimeControl "5400+30"]

1. e4 e5 2. Nf3 Nc6 3. Bc4 Bc5 4. d4 Bxd4 5. Nxd4 Nxd4 6. Be3 Ne6 7. Bxe6 dxe6 8. Qh5 Qd6 9. Nc3 Nf6 10. Qg5 O-O 11. O-O Nd7 12. Rfd1 Qb4 13. Rd3 f6 14. Qg3 b6 15. Rad1 Qe7 16. Nb5 c6 17. Nd6 Ba6 18. c4 c5 19. Bh6 Rfd8 20. Bxg7 Qxg7 21. Qxg7+ Kxg7 22. Nb5 Bxb5 23. cxb5 a6 24. Rxd7+ Rxd7 25. Rxd7+ Kg6 26. bxa6 Rxa6 27. a3 Ra4 28. Rb7 Rxe4 29. g3 Re1+ 30. Kg2 e4 31. Rxb6 e5 32. Rb3 f5 33. Re3 Rb1 34. Re2 Kg5 35. f3 exf3+ 36. Kxf3 e4+ 37. Ke3 h5 38. Kf2 h4 39. gxh4+ Kxh4 40. Ke3 Kg5 41. Rc2 Re1+ 42. Kd2 Rg1 43. Ke3 Rd1 44. Rxc5 Rd3+ 45. Ke2 Rb3 46. Rc2 f4 47. a4 f3+ 48. Kf2 Kf4 49. a5 e3+ 50. Ke1 Rd3 51. Rc4+ Ke5 52. Rc3 Kd4 53. Rc1 e2 0-1

[Event "2nd Namma Bengaluru Open-A 2025"]
[Site "Bengaluru"]
[Date "2025.04.12"]
[Round "4.20"]
[White "Subhayan Kundu"]
[Black "Nandish V S"]
[Result "1/2-1/2"]
[Annotator "ChessBase"]
[ECO "C55"]
[WhiteElo "2356"]
[BlackElo "2014"]
[PlyCount "60"]
[EventDate "2025.04.10"]
[EventType "swiss"]
[EventCountry "IND"]
[SourceTitle "playchess.com"]
[Source "ChessBase"]
[SourceQuality "1"]
[TimeControl "5400+30"]

1. e4 e5 2. Nf3 Nc6 3. Bc4 Nf6 4. d3 Be7 5. O-O O-O 6. Nc3 d6 7. a4 Bg4 8. h3 Bxf3 9. Qxf3 Nd4 10. Qd1 c6 11. Ba2 Ne6 12. g3 d5 13. Bd2 Qd7 14. exd5 cxd5 15. Re1 Bc5 16. Kg2 Qd6 17. Nb5 Qb6 18. Rxe5 Bxf2 19. Bb3 a6 20. Qf3 Bc5 21. Nc3 Nd4 22. Qd1 Nxb3 23. cxb3 Rae8 24. Bf4 Bd4 25. Re2 Rxe2+ 26. Nxe2 Be3 27. Qc2 Re8 28. Rf1 Qe6 29. Bxe3 Qxe3 30. Rf2 h6 1/2-1/2